AoeStats
← 从不压堡之人

Nomad

510275845Analyzed
3v3 RM · 2d ago on Sep 30, 2026· 32m 39s· 6 players
Game mode
Random Map
Map size
210×210
Population
200
Speed
Normal
Resources
Standard
Victory
Conquest
Starting age
Dark Age
Ending age
Imperial Age
RankedLock teamsTeams togetherTeam positionsShared explorationLock speedFull tech treeHidden civsTurbo modeCheats
Victory
Defeat
🇨🇳 Saxons · China
1255
+9
1074
+16
🇨🇳 Dravidians · China
991
+18
🇱🇻 Slavs · Latvia
1110
-16
🇩🇪 Teutons · Germany
1062
-14
🇲🇽 Dravidians · Mexico
1036
-13
Kaniel Outiss
4:40 Loom
14:13 Feudal Age
15:57 Wheelbarrow
19:32 Castle Age
17:59 Stone Mining
18:04 Double-Bit Axe
22:01 Bow Saw
23:56 Horse Collar
24:42 Forging
29:15 Scale Mail Armor
30:28 Scale Barding Armor
30:59 Iron Casting
30:40 Chain Mail Armor
32:56 Chain Barding Armor
Tersicox
9:23 Loom
14:52 Feudal Age
15:17 Double-Bit Axe
25:12 Castle Age
24:13 Fletching
26:48 Bow Saw
27:14 Bodkin Arrow
27:53 Town Watch
28:30 Ballistics
bubububu34bu
3:42 Loom
14:29 Feudal Age
19:43 Castle Age
18:08 Town Watch
从不压堡之人
15:38 Feudal Age
16:02 Fishing Lines
16:09 Double-Bit Axe
19:17 Castle Age
17:28 Gold Mining
17:55 Forging
20:18 Medium Warships
19:58 Gillnets
21:06 Wheelbarrow
21:07 Clinker Construction
21:13 Careening
23:56 Fletching
24:54 Ballistics
25:26 Bodkin Arrow
25:55 Caravan
27:03 Horse Collar
27:21 Stone Mining
27:19 Loom
30:02 Heavy Plow
31:15 Hand Cart
30:54 Town Watch
31:26 Scale Barding Armor
31:56 Iron Casting
34:42 Imperial Age
33:00 Iron Casting
32:45 Chain Barding Armor
32:57 Husbandry
33:25 Chain Barding Armor
BLUE POISON
10:43 Loom
13:12 Feudal Age
14:29 Double-Bit Axe
14:57 Fishing Lines
17:25 Castle Age
16:21 Scale Mail Armor
16:31 Gold Mining
16:34 Stone Mining
17:46 Town Watch
18:01 Gillnets
18:25 Bow Saw
18:30 Horse Collar
19:39 Chain Mail Armor
20:47 Forging
24:31 Iron Casting
26:20 Wheelbarrow
26:44 Gold Shaft Mining
26:35 Squires
26:55 Arson
33:50 Imperial Age
31:59 Hand Cart
32:13 Fletching
我怕你审判长?
4:46 Loom
13:12 Feudal Age
16:56 Castle Age
15:04 Fishing Lines
15:30 Double-Bit Axe
18:00 Bow Saw
17:47 Gillnets
18:28 Gold Mining
20:26 Gold Shaft Mining
21:10 Wheelbarrow
20:58 Scale Barding Armor
21:44 Forging
22:16 Bloodlines
22:06 Husbandry
25:16 Town Watch
27:16 Chain Barding Armor
27:31 Iron Casting
28:29 Hand Cart
31:17 Imperial Age
29:31 Husbandry
30:53 Cavalier
32:36 Blast Furnace
31:53 Town Patrol
32:34 Plate Barding Armor
Connection lost

Rejoining the realm…

Still unreachable

The connection could not be restored.

Session expired

The server has moved on; the page needs a fresh start.